 Dungeon Crawl Stone Soup version 0.30.0-19-g36f170ea60 (webtiles) character file.

Game seed: 6048661698669398924

42 Graphine the Covered (level 3, -1/33 HPs)
             Began as an Armataur Fighter on May 31, 2023.
             Slain by Jessica
             ... wielding a +0 club
              (2 damage)
             ... on level 3 of the Dungeon.
             The game lasted 00:04:29 (1581 turns).

Graphine the Covered (Armataur Fighter)             Turns: 1581, Time: 00:04:30

Health: -1/33      AC:  8    Str: 23    XL:     3   Next: 35%
Magic:  3/3        EV:  6    Int:  8    God:
Gold:   54         SH:  4    Dex:  9    Spells: 2/2 levels left

rFire   . .          .
                       - Unarmed
rCold   . . .        b - +0 buckler
rNeg    . . .        l - +0 chain mail
rPois   .            (no helmet)
rElec   .            (no cloak)
rCorr   .            (no gloves)
SInv    .            (no barding)
Will    .....        (no amulet) Stlth
                     (no ring)
HPRegen 0.25/turn    (no ring)
MPRegen 0.08/turn

%: roll
@: on berserk cooldown, slowed, very slow
A: large, rugged brown scales 3, deformed body, armoured tail, roll, long
tongue, awkward tongue
a: no special abilities


You were on level 3 of the Dungeon.
You visited 1 branch of the dungeon, and saw 3 of its levels.

You collected 54 gold pieces.

Inventory:

Armour
 b - a +0 buckler (worn)
 l - a +0 chain mail (worn)
Scrolls
 g - a scroll of blinking
Potions
 c - 2 potions of might
 d - a potion of cancellation
 e - a potion of berserk rage
 i - a potion of attraction


   Skills:
 * Level 3.1 Fighting
 * Level 4.1 Armour
 * Level 3.7 Shields
 * Level 2.3 Unarmed Combat


You had 2 spell levels left.
You didn't know any spells.
Your spell library contained the following spells:

 Spells                   Type           Power      Damage    Failure   Level
 Slow                     Hex            0%         N/A       97%         1
 Blink                    Tloc           0%         N/A       99%         2
 Lesser Beckoning         Tloc           0%         N/A       99%         2
 Momentum Strike          Conj/Tloc      0%         3d8       99%         2
 Confusing Touch          Hex            0%         N/A       100%        3
 Vampiric Draining        Necr           0%         2d6       100%        3


Dungeon Overview and Level Annotations

Branches:
Dungeon (3/15)

Altars:

Shops:
D:2 [

Annotations:
D:3 1 transporter, Jessica; engelados's ghost, amateur BaCj


Innate Abilities, Weirdness & Mutations

You are completely covered in rugged brown scales. (AC +3, +7% HP)
Armour fits poorly on your strangely shaped body.
You have a long armoured tail.
You roll when moving toward enemies. (Rampage)
Your long tongue fully drains potion bottles. (2x potion effects)
Your tongue gives you trouble enunciating. (1.5x scroll delay)


Message History

It was a potion of berserk rage.
A red film seems to cover your vision as you go berserk!
You feel yourself moving faster!
You feel mighty!
You slurp down every last drop of the potion of berserk rage!
You feel your willpower return.
Jessica casts a spell.
Jessica blinks!
You are too injured to fight recklessly!
Found a scroll of fog, 11 gold pieces and a grey potion.
You feel a strong urge to attack something.
Jessica gestures wildly while chanting.
Jessica blinks!
Found a chain mail and 3 stones.
Found a transporter.
You feel your anger nearly subside.
Engelados's ghost turns its malevolent gaze towards you.
Found 13 gold pieces.
Jessica casts a spell.
Jessica blinks!
Your blood rage is quickly leaving you.
You are no longer berserk.
You are exhausted.
You feel yourself slow down.
You roll towards Jessica!
You hit Jessica.
Jessica is heavily wounded.
Jessica hits you with a +0 club.
* * * LOW HITPOINT WARNING * * *
You block Jessica's attack.
The orc shouts!
You hit Jessica.
Jessica is heavily wounded.
You block Jessica's attack.
Jessica gestures wildly while chanting.
Jessica blinks!
Jessica hits you with a +0 club.
* * * LOW HITPOINT WARNING * * *
You barely miss Jessica.
Jessica is heavily wounded.
The adder hisses angrily.
Jessica points at you and mumbles some strange words.
You resist with some effort. Jessica hits you with a +0 club.
You die...

..#........$#...#
.©#....©...(#©..#
..#....S...!#..#
..#.......?.#.$#
..#8.......8#..#
..##..oWBb.##..#
...#########...#
.....$...@@....#
#..............#
[####.....####.#
# #####..### ...
##..[###..#
###......#
#.<..##.#
#......##.#
..##### .#


You could see engelados's ghost, an adder, Jessica (fast), an orc, a giant
cockroach and a bat.

Vanquished Creatures
  A worm (D:2)
  A dart slug (D:1)
  8 ball pythons
  8 endoplasms
  2 giant cockroaches
  3 goblins
  A hobgoblin (D:2)
  3 quokkas (D:2)
  2 frilled lizards
  A kobold (D:2)
  4 rats (D:2)
34 creatures vanquished.

Notes
Turn   | Place    | Note
-------+----------+-------------------------------------------
     0 | D:1      | Graphine the Armataur Fighter began the quest for the Orb.
     0 | D:1      | Reached XP level 1. HP: 19/19 MP: 1/1
   220 | D:1      | Found a faded altar of an unknown god.
   258 | D:1      | Reached XP level 2. HP: 26/26 MP: 2/2
   770 | D:2      | Reached skill level 4 in Armour
   913 | D:2      | Reached XP level 3. HP: 27/33 MP: 3/3
   968 | D:2      | Found Heluggam's Armour Shoppe.
  1561 | D:3      | Noticed Jessica
  1575 | D:3      | Found a transporter.
  1575 | D:3      | Noticed engelados's ghost (amateur BaCj)
  1580 | D:3      | HP: 1/33 [Jessica/+0 club (4)]
  1581 | D:3      | Slain by Jessica

Illustrated notes

Levels and vault maps discovered:
D:1:      wander_arrival_estate, layout_basic, basic_ecumenical_altar,
          ebering_dispersal_statue_hall
D:2:      layout_basic, serial_shops, shop, minmay_close_crescents
D:3:      layout_rooms, gammafunk_ghost_arena, minmay_checkerbox, uniq_jessica,
          uniq_ijyb

Skill      XL: |  1  2 |
---------------+-------+-----
Unarmed Combat | 2 |  2.3
Armour         | 4 |  4.1
Fighting       | 3 |  3.1
Shields        | |  3.7

Action                     || total
---------------------------++-------
  Melee: Unarmed           ||   146
         Tailslap          ||    16
    Use: Scroll            ||     7
         Potion            ||     1
 Armour: Scale mail        ||    30
         Chain mail        ||    15
  Dodge: Dodged            ||    28
  Block: Buckler           ||    29
